 Dungeon Crawl Stone Soup version 0.31.0-11-ge490571c62 (webtiles) character file.

Game seed: 10475372038109690189

179 qw the Skirmisher (level 5, -8/29 HPs)
             Began as a Deep Elf Hunter on Feb 3, 2024.
             Was an Initiate of Okawaru.
             Killed by nerve-wracking pain
             ... invoked by Grinder
              (13 damage)
             ... on level 4 of the Dungeon.
             The game lasted 00:00:09 (2421 turns).

qw the Skirmisher (Deep Elf Hunter)                 Turns: 2421, Time: 00:00:09

Health: -8/29      AC:  5    Str: 10    XL:     5   Next: 33%
Magic:  7/7        EV: 11    Int: 14    God:    Okawaru [......]
Gold:   242        SH:  0    Dex: 20    Spells: 4/4 levels left

rFire   . . .        a - +0 shortbow
rCold   . . .        (shield currently unavailable)
rNeg    . . .        b - +0 ring mail
rPois   .            (helmet restricted)
rElec   .            (no cloak)
rCorr   .            (no gloves)
SInv    .            (no boots)
Will    .....        (no amulet)
Stlth   ++           (no ring)
HPRegen 0.24/turn    (no ring)
MPRegen 0.10/turn

%: clarity
@: no status effects
A: horns 1, thin skeletal structure 1, clarity
a: Renounce Religion


You were on level 4 of the Dungeon.
You worshipped Okawaru.
Okawaru was noncommittal.
You visited 1 branch of the dungeon, and saw 4 of its levels.

You collected 242 gold pieces.


Innate Abilities, Weirdness & Mutations

You have a pair of small horns on your head.
You have a somewhat thin skeletal structure. (Dex +2, Stealth+)
You possess an exceptional clarity of mind.


   Skills:
 - Level 1.5 Fighting
 + Level 8.8 Ranged Weapons
 - Level 2.4 Dodging
 - Level 1.2 Stealth


You had 4 spell levels left.
You didn't know any spells.
Your spell library was empty.

Inventory:

Hand Weapons
 a - a +0 shortbow (weapon)
Armour
 b - a +0 ring mail (worn)
Scrolls
 f - a scroll of revelation {unknown}
Potions
 c - a potion of enlightenment
 d - a potion of cancellation {unknown}
 e - a potion of brilliance {unknown}
 i - 4 potions of mutation
 o - a potion of resistance

Dungeon Overview and Level Annotations

Branches:
Dungeon (4/15)
 Temple: D:4-7

Altars:
Okawaru
Xom

Shops:
D:1 (

Annotations:
D:4 Grinder


Message History

Grinder comes into view.
Grinder shouts!
You shoot an arrow. The arrow closely misses Grinder.
Grinder barely misses you.
You shoot an arrow. The arrow hits Grinder.
Grinder is lightly wounded.
Grinder gestures at you.
You suddenly lose the ability to move!
Grinder completely misses you. Grinder hits you.
You can move again.
You shoot an arrow.
The arrow hits Grinder but does no damage.
Grinder barely misses you.
You shoot an arrow. The arrow hits Grinder.
Grinder is lightly wounded.
A kobold comes into view. It is wielding a +0 short sword.
Grinder hits you.
You writhe in agony.
You shoot an arrow. The arrow barely misses Grinder.
Grinder hits you.
You writhe in agony.
You shoot an arrow. The arrow barely misses Grinder.
Grinder hits you.
You shoot an arrow.
The arrow hits Grinder but does no damage.
Grinder is lightly wounded.
Grinder gestures at you. Pain shoots through your body!
You shoot an arrow. The arrow hits Grinder.
Grinder is lightly wounded.
Grinder gestures at you. You resist with significant effort.
You shoot an arrow. The arrow hits Grinder.
Grinder is moderately wounded.
Grinder hits you. Grinder hits you but does no damage.
You shoot an arrow. The arrow hits Grinder.
Grinder is moderately wounded.
Grinder gestures at you. Pain shoots through your body!
You die...
Grinder sighs, "Dead already?
I want a refund."

### #.# #.#########
###....[....#
#........##.#
##########.#.####.##.###
.........#.#.####.#.....
..................#..#.#
.......@.#.#.#....#..#.#
######5###.#.#.#..#..#.#
##K###........#..#.#
....#........#..#.#
##.#.#.#.#....#..#.#
##.#.#.#.#.........#
#......#.#..#.#..###
.#.............#..###
............>.#.#.....


You could see Grinder and a kobold.

Vanquished Creatures
  A scorpion (D:4)
  A sleepcap (D:4)
  A gnoll (D:1)
  An adder (D:3)
  2 dart slugs
  An orc (D:3)
  8 bats
  12 endoplasms
  3 giant cockroaches
  3 goblins
  6 hobgoblins
  4 kobolds
  6 quokkas
  5 ball pythons
  6 frilled lizards
  7 rats
67 creatures vanquished.

Notes
Turn   | Place    | Note
-------+----------+-------------------------------------------
     0 | D:1      | qw the Deep Elf Hunter began the quest for the Orb.
     0 | D:1      | Reached XP level 1. HP: 12/12 MP: 3/3
     0 | D:1      | 0 ||| qw: Version: 0.3-a-157-g843a77d
     0 | D:1      | 0 ||| qw: Game counter: 3617
     0 | D:1      | 0 ||| qw: Melee chars always use a shield: true
     0 | D:1      | 0 ||| qw: God list: Okawaru
     0 | D:1      | 0 ||| qw: Allow faded altars: false
     0 | D:1      | 0 ||| qw: Do Orc after clearing Dungeon:15 true
     0 | D:1      | 0 ||| qw: Do second Lair branch before Depths: true
     0 | D:1      | 0 ||| qw: Lair rune preference: random
     0 | D:1      | 0 ||| qw: Goals: Normal
     0 | D:1      | 0 ||| PLANNING D:1-11
   131 | D:1      | Reached XP level 2. HP: 16/16 MP: 4/4
   146 | D:1      | Found a faded altar of an unknown god.
   152 | D:1      | Reached skill level 6 in Ranged Weapons
   289 | D:1      | Found Piyfasy's Antique Weapon Boutique.
   387 | D:1      | Reached XP level 3. HP: 15/20 MP: 5/5
   729 | D:1      | 729 ||| DROPPING ring of flight.
   730 | D:1      | 730 ||| READING scroll labelled NESHOID OGEKHLO.
   734 | D:1      | 734 ||| READING 2 scrolls labelled ZOXEUN NAKLEO.
   835 | D:1      | 835 ||| READING 2 scrolls labelled FITZU QERI.
   836 | D:1      | 836 ||| READING scroll labelled BUN NAUROUM.
   836 | D:1      | 836 ||| IDENTIFYING puce potion
   837 | D:1      | 837 ||| READING scroll labelled MIEWUB ERCHASH.
   838 | D:1      | 838 ||| READING scroll labelled HASYNKI MOXIA.
   839 | D:1      | 839 ||| DRINKING 3 fuming purple potions.
   839 | D:1      | Gained mutation: You possess an exceptional clarity of
                  | mind. [potion of mutation]
   839 | D:1      | Gained mutation: You have a pair of small horns on your
                  | head. [potion of mutation]
   839 | D:1      | Gained mutation: You have a somewhat thin skeletal
                  | structure. (Dex +2, Stealth+) [potion of mutation]
   840 | D:1      | 840 ||| DRINKING 2 metallic blue potions.
   841 | D:1      | 841 ||| DRINKING grey potion.
   842 | D:1      | 842 ||| DRINKING 2 fuming red potions.
   850 | D:1      | 850 ||| DROPPING scroll of butterflies.
   851 | D:1      | 851 ||| DROPPING scroll of vulnerability.
   852 | D:1      | 852 ||| DROPPING scroll of fog.
   853 | D:1      | 853 ||| DROPPING potion of degeneration.
   854 | D:1      | 854 ||| DROPPING potion of ambrosia.
   888 | D:2      | 888 ||| STAIRDANCE
   892 | D:2      | 892 ||| STAIRDANCE
   896 | D:2      | 896 ||| STAIRDANCE
   900 | D:2      | 900 ||| STAIRDANCE
   904 | D:2      | 904 ||| STAIRDANCE
   940 | D:2      | Found a shimmering altar of Xom.
  1052 | D:2      | Reached skill level 7 in Ranged Weapons
  1537 | D:2      | 1537 ||| UPGRADING to +0 ring mail.
  1547 | D:2      | 1547 ||| DROPPING +0 leather armour.
  1737 | D:3      | Found an iron altar of Okawaru.
  1738 | D:3      | 1738 ||| PLANNING OKAWARU WORSHIP
  1738 | D:3      | 1738 ||| READING scroll of identify.
  1738 | D:3      | 1738 ||| IDENTIFYING bubbling yellow potion
  1746 | D:3      | Became a worshipper of Warmaster Okawaru
  1747 | D:3      | 1747 ||| PLANNING D:1-11
  1808 | D:3      | Reached XP level 4. HP: 22/25 MP: 6/6
  2202 | D:4      | Noticed a scorpion
  2207 | D:4      | Killed a scorpion
  2208 | D:4      | Reached skill level 8 in Ranged Weapons
  2208 | D:4      | Reached XP level 5. HP: 20/29 MP: 7/7
  2409 | D:4      | Noticed Grinder
  2411 | D:4      | Paralysed by Grinder for 3 turns
  2418 | D:4      | HP: 7/29 [Grinder/nerve-wracking pain (4)]
  2421 | D:4      | Killed from afar by Grinder

Levels and vault maps discovered:
D:1:      co_arrival_square_in_a_square_in_a_square, layout_basic,
          hellmonk_ecumenical_altar_crossroads, serial_shops,
          nicolae_shop_tiny_waterfront, minmay_strange_pillars
D:2:      layout_loops_ring, basic_altar
D:3:      minmay_diamond_boxcup, layout_basic, okawaru_ov_weapons_minmay
D:4:      layout_basic, minmay_temple_entry_proselytizer, serial_shops,
          kennysheep_mini, uniq_grinder

Skill      XL: |  1  2  3  4 |
---------------+-------------+-----
Ranged Weapons | 6 7 8 |  8.8
Fighting       | |  1.5
Dodging        | |  2.4
Stealth        | |  1.2

Action                     |  1- 3 |  4- 6 || total
---------------------------+-------+-------++-------
   Fire: Shortbow          |   133 |    62 ||   195
    Use: Scroll            |     7 |       ||     7
         Potion            |     4 |       ||     4
 Armour: Leather armour    |    18 |       ||    18
         Ring mail         |     4 |    17 ||    21
  Dodge: Dodged            |    28 |    16 ||    44

Table legend:
 A = Non-vault XP
 B = Vault XP
 C = Vault XP percentage of total XP
 D = Non-vault monster count
 E = Vault monster count
 F = Vault count percentage of total count
                 A         B        C        D         E       F
            +---------+---------+-------+---------+---------+-------
      Total |     231 |      26 |  10.1 |      57 |      10 |  14.9
            +---------+---------+-------+---------+---------+-------
        D:1 |      50 |       0 |   0.0 |      21 |       0 |   0.0
        D:2 |      30 |       0 |   0.0 |      17 |       0 |   0.0
        D:3 |      28 |      26 |  48.1 |      15 |      10 |  40.0
        D:4 |     123 |       0 |   0.0 |       4 |       0 |   0.0
            +---------+---------+-------+---------+---------+-------
